 Dungeon Crawl Stone Soup version 0.31-a0-803-g95b03c3367 (webtiles) character file.

Game seed: 13801553267524615257

133 senseless the Insei (level 4, -1/36 HPs)
             Began as a Demigod Shapeshifter on Sept 20, 2023.
             Slain by an elf zombie (4 damage)
             ... in an ossuary.
             The game lasted 00:05:52 (2818 turns).

senseless the Insei (Demigod Shapeshifter)          Turns: 2818, Time: 00:05:52

Health: -1/36      AC:  2    Str: 15    XL:     4   Next: 63%
Magic:  6/6        EV: 13    Int: 18    God:
Gold:   1131       SH:  0    Dex: 17    Spells: 3/3 levels left

rFire   . . .        f - +4 quick blade (freeze)
rCold   . . .        (no shield)
rNeg    . . .        a - +0 animal skin
rPois   .            (helmet currently unavailable)
rElec   .            (cloak currently unavailable)
rCorr   .            (gloves currently unavailable)
SInv    .            (boots currently unavailable)
Will    .....        t - amulet of regeneration
Stlth   ++           v - +6 ring of intelligence
HPRegen 1.06/turn    (no ring)
MPRegen 0.10/turn

%: no passive effects
@: beast-form
A: beast (slay +1), high MP 1, forlorn, divine attributes
a: Begin Untransformation


You were in an ossuary.
You were a hulking beast.
You visited 1 branch of the dungeon, and saw 4 of its levels.
You also visited: Ossuary.

You collected 1131 gold pieces.

Inventory:

Hand Weapons
 f - a +4 quick blade of freezing (weapon)
 w - a +0 long sword
Armour
 a - a +0 animal skin (worn)
 e - a +0 pair of boots
 h - a +1 pair of boots
 m - a +0 pair of boots
Jewellery
 p - an amulet of the acrobat
 t - an amulet of regeneration (around neck)
 v - a +6 ring of intelligence (left hand)
Talismans
 c - a beast talisman (active)
 d - a flux talisman
 i - a blade talisman
Wands
 s - a wand of flame (19) (quivered)
Scrolls
 g - a scroll of summoning {unknown}
 j - 2 scrolls of vulnerability {unknown}
 k - 4 scrolls of identify {unknown}
 l - a scroll of torment {unknown}
 n - 2 scrolls of teleportation {unknown}
 o - a scroll of immolation {unknown}
 r - 2 scrolls of blinking {unknown}
Potions
 b - a potion of haste
 q - a potion of degeneration {unknown}
 u - a potion of brilliance {unknown}


   Skills:
 + Level 2.1 Fighting
 * Level 0.0 Short Blades
 + Level 2.8 Dodging
 - Level 3.4 Unarmed Combat
 + Level 3.3 Shapeshifting


You had 3 spell levels left.
You didn't know any spells.
Your spell library contained the following spells:

 Spells                   Type           Power      Damage    Failure   Level
 Inner Flame              Hex/Fire       0%         N/A       54%         3
 Stone Arrow              Conj/Erth      0%         3d7       54%         3
 Animate Armour           Summ/Erth      0%         N/A       91%         4
 Flame Wave               Conj/Fire      0%         2d4       91%         4
 Sticky Flame             Conj/Fire      0%         2d3       91%         4
 Lehudib's Crystal Spear  Conj/Erth      0%         10d2      100%        8


Dungeon Overview and Level Annotations

Branches:
Dungeon (4/15)            Ossuary (1/1)
 Temple: D:4-7


Innate Abilities, Weirdness & Mutations

You are a hulking beast.
Your limbs bulge with bestial killing power. (Slay +1)
You have an increased reservoir of magic. (+10% MP)
You shall have no god before yourself.
Your divine heritage dramatically boosts your attributes as you level up.


Message History

You are too injured to fight recklessly!
You are too injured to fight recklessly!
You barely miss the hobgoblin zombie. You hit the hobgoblin zombie.
The hobgoblin zombie is heavily damaged.
The elf zombie barely misses you. The gnoll zombie closely misses you.
The elf zombie barely misses you. The hobgoblin zombie barely misses you.
The hobgoblin zombie closely misses you.
The orc zombie hits you.
You puncture the hobgoblin zombie!
You destroy the hobgoblin zombie!
The elf zombie hits you.
The hobgoblin zombie hits you but does no damage.
The elf zombie closely misses you. The gnoll zombie closely misses you.
The orc zombie hits you but does no damage.
You hit the mummy. x2
The mummy is heavily damaged.
The elf zombie barely misses you. The hobgoblin zombie barely misses you.
The elf zombie barely misses you. The orc zombie barely misses you.
The gnoll zombie closely misses you. The mummy barely misses you.
You hit the mummy. You barely miss the mummy.
The mummy is heavily damaged.
The hobgoblin zombie hits you.
The elf zombie hits you but does no damage.
The elf zombie completely misses you.
The orc zombie hits you but does no damage.
The gnoll zombie closely misses you. The mummy barely misses you.
You hit the mummy. x2
The mummy is almost destroyed.
The elf zombie closely misses you. The hobgoblin zombie misses you.
The elf zombie closely misses you. The gnoll zombie closely misses you.
The orc zombie closely misses you.
You barely miss the mummy. You hit the mummy but do no damage.
The mummy is almost destroyed.
The hobgoblin zombie hits you but does no damage.
The mummy hits you!
* * * LOW HITPOINT WARNING * * *
The elf zombie hits you.
* * * LOW HITPOINT WARNING * * *
The elf zombie hits you.
You die...

##.........#
...........
##.........##
...........#
##.........##
#...Z.......#
##.ZZZ.....##
#..ZhZ......#
#####M..####
#...# ##...##
##.....##
#...∩...#
#.......#
#...∩...#
##.....##


You could see a mummy, a hobgoblin zombie, a gnoll zombie, 2 orc zombies and 2
elf zombies.

Vanquished Creatures
  2 iguanas
  3 adders
  5 orcs
  5 ball pythons
  An endoplasm (D:3)
  3 giant cockroaches
  2 goblins
  3 hobgoblins
  3 jackals (D:1)
  2 quokkas (D:3)
  7 bats
  A frilled lizard (D:2)
  A hobgoblin zombie (Ossuary)
  4 kobolds
  8 rats
50 creatures vanquished.

Notes
Turn   | Place    | Note
-------+----------+-------------------------------------------
     0 | D:1      | senseless the Demigod Shapeshifter began the quest for the
                  | Orb.
     0 | D:1      | Reached XP level 1. HP: 15/15 MP: 3/3
   243 | D:1      | Reached skill level 1 in Fighting
   617 | D:1      | Reached XP level 2. HP: 23/23 MP: 4/4
   994 | D:2      | HP: 1/23 [orc/+0 dagger (4)]
  1411 | D:2      | Reached XP level 3. HP: 28/28 MP: 5/5
  2458 | D:3      | Reached XP level 4. HP: 23/36 MP: 6/6
  2775 | D:4      | Identified 2 scrolls of acquirement
  2775 | D:4      | Acquired 1025 gold pieces
  2776 | D:4      | Acquired a +4 quick blade of freezing
  2794 | D:4      | Found a sand-covered staircase.
  2799 | Ossuary  | Entered an ossuary
  2818 | Ossuary  | Slain by an elf zombie

Illustrated notes

Levels and vault maps discovered:
D:1:      dpeg_arrival_boxorama, layout_basic, due_unseen_surprise
D:2:      layout_basic, basic_altar, fountainhead, serial_park_tiny_pond
D:3:      layout_basic, minmay_misc_feat_room
D:4:      layout_loops_ring, enter_ossuary_2, serial_aquarium,
          aquarium_bridge_square [aquarium_subvault_wall,
          aquarium_subvault_balcony, aquarium_subvault_bridge,
          aquarium_subvault_window], aquarium_window_fake, aquarium_window_1,
          aquarium_view_2d, aquarium_balcony_3a, aquarium_pool_double,
          minmay_liquid_box
Ossuary:  minmay_ossuary_gauntlet

Skill      XL: |  1  2  3 |
---------------+----------+-----
Fighting       | 1 2 |  2.1
Dodging        | 2 |  2.8
Unarmed Combat | 3 |  3.4
Shapeshifting  | 3 |  3.3

Action                     |  1- 3 |  4- 6 || total
---------------------------+-------+-------++-------
  Melee: Unarmed           |   138 |     4 ||   142
         Punch             |     8 |       ||     8
         Quick blade       |       |    27 ||    27
         Long sword        |       |     4 ||     4
    Use: Potion            |     5 |       ||     5
         Scroll            |       |     2 ||     2
   Stab: Sleeping          |     2 |       ||     2
 Armour: Animal skin       |    66 |    29 ||    95
         Skin              |    26 |       ||    26
  Dodge: Dodged            |   100 |    42 ||   142

Table legend: (Time is in decaauts)
 A = Elapsed time spent in this place.
 B = Non-inter-level travel time spent in this place.
 C = Inter-level travel time spent in this place.
 D = Time resting spent in this place.
 E = Time spent auto-exploring this place.
 F = Levels seen in this place.
 G = Mean time per level.
                   A        B        C        D        E       F      G
               +--------+--------+--------+--------+--------+-----+--------+
         Total |   2795 |   2669 |    126 |     56 |   2222 |   5 |  559.0 |
       Dungeon |   2773 |   2647 |    126 |     56 |   2221 |   4 |  693.2 |
       Ossuary |     21 |     21 |      0 |      0 |      1 |   1 |   21.0 |
               +--------+--------+--------+--------+--------+-----+--------+

Top non-repeatable levels by time:
     D:3: 1065 daAuts
     D:2: 940 daAuts
     D:1: 713 daAuts
     D:4: 53 daAuts
 Ossuary: 21 daAuts
